 Dungeon Crawl Stone Soup version 0.24.0-1-gfbc8707 (webtiles) character file.

Game seed: 8278370262977543005, levelgen mode: deterministic

36493 Fang the Fighter (level 13, -2/136 HPs)
             Began as a Gargoyle Berserker on Oct 30, 2019.
             Was a High Priest of Trog.
             Slain by a harpy (9 damage)
             ... summoned by Kirke
             ... on level 4 of the Lair of Beasts on Oct 31, 2019.
             The game lasted 00:15:21 (11780 turns).

Fang the Fighter (Gargoyle Berserker)              Turns: 11780, Time: 00:15:22

Health: -2/136     AC:  0    Str: 31    XL:     13   Next: 90%
Magic:  10/13      EV: 18    Int:  8    God:    Trog [*****.]
Gold:   983        SH:  0    Dex:  9    Spells: 12/12 levels left

rFire    . . .     SeeInvis .   (weapon currently unavailable)
rCold    . . .     Gourm    .   (shield currently unavailable)
rNeg     + . .     Faith    .   (armour currently unavailable)
rPois    ∞         Spirit   .   (helmet currently unavailable)
rElec    .         Reflect  .   (cloak currently unavailable)
rCorr    .         Harm     .   (gloves currently unavailable)
MR       .....                  (boots currently unavailable)
Stlth    ..........             h - amulet of regeneration
HPRegen  0.72/turn              (ring currently unavailable)
MPRegen  0.13/turn              (ring currently unavailable)

@: berserking, pig-form, slowed, very quick
A: small, negative energy resistance 1, petrification resistance, rot immunity,
AC +9
a: Berserk, Trog's Hand, Brothers in Arms, Renounce Religion


You were on level 4 of the Lair of Beasts.
You worshipped Trog.
Trog was extremely pleased with you.
You were very hungry.
You were a filthy swine.
You visited 3 branches of the dungeon, and saw 18 of its levels.

You collected 983 gold pieces.

Inventory:

Hand Weapons
 a - a +1 war axe
 H - the +6 broad axe of Vengeance (melded) {venom, Str+3}
   (Trog gifted it to you on level 9 of the Dungeon)

   It poisons the flesh of those it strikes.
   It affects your strength (+3).
 O - the +2 broad axe of Bust {freeze, Int+5}
   (You found it on level 12 of the Dungeon)

   It has been specially enchanted to freeze those struck by it, causing extra
   injury to most foes and up to half again as much damage against particularly
   susceptible opponents.
   It can also slow down cold-blooded creatures.
   It affects your intelligence (+5).
Armour
 b - a +1 crystal plate armour (melded)
 v - a +2 helmet (melded)
 x - a scarf of spirit shield (melded)
Jewellery
 e - a ring of see invisible (melded)
 h - an amulet of regeneration (around neck)
 k - an uncursed amulet of the gourmand
 n - an uncursed ring of protection from magic
 q - a +1 ring of slaying (melded)
 s - an uncursed ring of ice
 J - an uncursed ring of resist corrosion
 M - a +3 ring of strength
 N - the ring of the Mage {Wiz MR++ Int+3}
   (You found it on level 12 of the Dungeon)

   [ring of wizardry]

   It improves your spell success rate.
   It affects your intelligence (+3).
   It affects your resistance to hostile enchantments.
Wands
 f - a wand of iceblast (7)
 j - a wand of enslavement (6)
 r - a wand of digging (5)
 G - a wand of disintegration (17)
 L - a wand of flame (13)
Scrolls
 d - 3 scrolls of magic mapping
 l - 7 scrolls of teleportation
 m - 9 scrolls of enchant weapon
 p - 5 scrolls of remove curse
 Q - a scroll of fear
Potions
 i - a potion of mutation
 o - a potion of magic
 t - 8 potions of haste
 u - a potion of flight {unknown}
 w - 2 potions of heal wounds
 z - a potion of ambrosia {unknown}
 A - 5 potions of curing {unknown}
 E - 2 potions of berserk rage {unknown}
 F - 2 potions of might {unknown}
Comestibles
 c - 29 rations
 g - 2 chunks of flesh


   Skills:
 * Level 14.4 Fighting
 * Level 12.4 Axes
 + Level 11.0 Armour
 + Level 8.6 Dodging


You had 12 spell levels left.
You didn't know any spells.
Your spell library was empty.

Dungeon Overview and Level Annotations

Branches:
Dungeon (14/15)              Lair (4/6) D:9           Swamp (1/4) Lair:2
 Spider (0/4) Lair:3          Orc (0/2) D:12
 Temple: D:4-7       Vaults: D:13-14

Altars:
Fedhas
Kikubaaqudgha
Okawaru
Sif Muna
Vehumet

Shops:
D:4 %

Portals:
Trove: D:11 (give 8 scrolls of blinking)

Annotations:
D:10 3 runed translucent doors, DocEon's ghost, novice DrTm
D:12 3 runed translucent doors
Lair:4 Kirke


Innate Abilities, Weirdness & Mutations

You are resistant to torment.
((Your stone body is resilient. (AC +9)))
You are immune to poison.
You resist negative energy. (rN+)
((You are resistant to electric shocks. (rElec)))
((You can survive without breathing.))
You are immune to petrification.
You are immune to rotting.


Message History

You are too injured to fight recklessly!
You are too injured to fight recklessly!
You are too injured to fight recklessly!
You are too injured to fight recklessly!
You are too injured to fight recklessly!
You are too injured to fight recklessly!
You are too injured to fight recklessly!
You are too injured to fight recklessly!
You are too injured to fight recklessly!
You are too injured to fight recklessly!
You are too injured to fight recklessly!
You are too injured to fight recklessly!
You are too injured to fight recklessly!
A red film seems to cover your vision as you go berserk!
You feel yourself moving faster!
You feel mighty!
You are feeling very hungry.
The harpy barely misses you. The harpy claws you!
* * * LOW HITPOINT WARNING * * *
The harpy claws you!
You die...

#P...............#
.................#
..........>.....#
#............P.#
#..............#
#........#....## #
##.....###.....###.
##HH...##
###....... #.Hh.###
##...... ......{†##
#....... .......P#
####.... .≈.....##
##... ≈≈≈≈≈≈≈ #...
≈≈≈≈.≈. .#.##...
#...≈≈. #.......
#P..... ##.#....
##....#


You could see 3 harpies.

Vanquished Creatures
  Fannar (Lair:3)
  2 hydras
  A catoblepas (Lair:2)
  6 two-headed ogres
  A deep elf knight (D:12)
  A fire crab (shapeshifter) (D:12)
  2 unseen horrors
  An orange crystal statue (D:12)
  Pikel (D:9)
  2 manticores
  5 cyclopes
  14 elephants
  A black mamba (Lair:1)
  2 spiny frogs (Lair:3)
  A gargoyle (D:12)
  A rime drake (Lair:3)
  A kobold demonologist (D:13)
  4 komodo dragons
  2 jumping spiders (Lair:3)
  A troll (D:11)
  Prince Ribbit (D:9)
  A hornet (D:13)
  4 blink frogs (Lair:3)
  7 hippogriffs
  2 vampires
  2 water elementals
  A wyvern (D:11)
  24 yaks
  3 hogs (Lair:4)
  3 vampire mosquitoes
  6 water moccasins
  5 orc warriors
  3 porcupines
  4 ice beasts
  A sky beast (D:6)
  3 slaves (D:9)
  3 black bears
  6 ogres
  A phantom (D:9)
  3 centaurs
  8 crocodiles
  A big kobold (D:9)
  10 bullfrogs
  5 scorpions
  5 killer bees (D:9)
  7 wights (D:11)
  A howler monkey (D:9)
  11 electric eels
  3 crimson imps (D:9)
  2 quasits (D:9)
  A bullfrog zombie (D:10)
  4 hounds
  4 jellies
  A centaur skeleton (D:12)
  6 orc priests
  14 orc wizards
  3 bullfrog skeletons
  3 iguanas
  11 worker ants
  A hound zombie (D:9)
  A hound skeleton (D:9)
  A worker ant zombie (D:5)
  9 gnolls
  12 adders
  2 shadow imps
  An ooze (D:2)
  An adder skeleton (D:6)
  2 worms
  5 dart slugs
  3 leopard geckos
  52 orcs
  9 bats
  6 giant cockroaches
  6 hobgoblins
  27 jackals
  4 quokkas
  2 ball pythons
  11 frilled lizards
  4 goblins
  A jackal skeleton (D:4)
  17 kobolds
  A leopard gecko skeleton (D:9)
  A quokka zombie (D:6)
  11 rats
  3 plants (Lair:1)
426 creatures vanquished.

Vanquished Creatures (collateral kills)
  2 hydras (D:12)
  A centaur warrior (D:12)
  2 slime creatures (D:12)
  A hippogriff (D:12)
  An orc warrior (D:12)
  A bullfrog (D:12)
  A wight (D:12)
  A centaur zombie (D:12)
  A hound (D:12)
  An adder (D:12)
  An orc (D:12)
13 creatures vanquished.

Vanquished Creatures (others)
  3 fungi
  12 plants
15 creatures vanquished.

Grand Total: 454 creatures vanquished

Notes
Turn   | Place    | Note
-------+----------+-------------------------------------------
     0 | D:1      | Fang the Gargoyle Berserker began the quest for the Orb.
     0 | D:1      | Reached XP level 1. HP: 14/14 MP: 1/1
    71 | D:1      | Reached XP level 2. HP: 14/19 MP: 2/2
   368 | D:1      | Reached XP level 3. HP: 23/23 MP: 3/3
   381 | D:1      | Reached ** piety under Trog
   629 | D:2      | Found a faded altar of an unknown god.
   727 | D:2      | Reached XP level 4. HP: 29/29 MP: 4/4
   824 | D:2      | Reached *** piety under Trog
   979 | D:2      | Reached skill level 4 in Fighting
  1241 | D:2      | You fall into a shaft and drop 2 floors!
  1343 | D:4      | Noticed an ogre
  1351 | D:4      | Killed an ogre
  1351 | D:4      | Reached XP level 5. HP: 34/34 MP: 5/5
  1430 | D:4      | Found Muste's Food Emporium.
  1452 | D:4      | Reached XP level 6. HP: 20/39 MP: 6/6
  2146 | D:3      | Reached **** piety under Trog
  2221 | D:3      | Reached skill level 5 in Fighting
  2758 | D:5      | Entered Level 5 of the Dungeon
  2810 | D:5      | Reached XP level 7. HP: 44/44 MP: 7/7
  3484 | D:6      | Found a blossoming altar of Fedhas.
  3544 | D:6      | Reached skill level 5 in Armour
  3650 | D:6      | Reached XP level 8. HP: 36/51 MP: 5/8
  3820 | D:6      | Reached skill level 6 in Fighting
  3828 | D:6      | Reached skill level 5 in Axes
  4093 | D:6      | Reached skill level 7 in Fighting
  4263 | D:6      | Found an iron altar of Okawaru.
  4426 | D:7      | Found an ancient bone altar of Kikubaaqudgha.
  4427 | D:7      | Found a shimmering blue altar of Sif Muna.
  4429 | D:7      | Found a radiant altar of Vehumet.
  4517 | D:7      | Reached XP level 9. HP: 54/57 MP: 7/9
  4574 | D:7      | You fall into a shaft and drop 3 floors!
  4574 | D:10     | Entered Level 10 of the Dungeon
  4797 | D:10     | Found a runed translucent gate.
  4797 | D:10     | Found a runed translucent gate.
  4797 | D:10     | Found a runed translucent gate.
  4798 | D:10     | Noticed a spectral centaur warrior
  4798 | D:10     | Noticed DocEon's ghost (novice DrTm)
  4798 | D:10     | Noticed a spectral centaur warrior
  4798 | D:10     | Noticed a spectral centaur warrior
  4821 | D:10     | Noticed an unseen horror
  4841 | D:10     | Killed an unseen horror
  4841 | D:10     | Reached skill level 8 in Fighting
  4870 | D:10     | Reached skill level 5 in Dodging
  5088 | D:10     | Reached ***** piety under Trog
  5740 | D:9      | Noticed Prince Ribbit
  5766 | D:9      | Reached XP level 10. HP: 65/65 MP: 5/10
  5768 | D:9      | Killed Prince Ribbit
  5768 | D:9      | Reached skill level 9 in Fighting
  6001 | D:9      | Found a staircase to the Lair.
  6108 | D:9      | Noticed Pikel
  6126 | D:9      | Killed Pikel
  6126 | D:9      | Reached skill level 10 in Fighting
  6130 | D:9      | Received a gift from Trog
  6155 | D:9      | Got a polished broad axe {god gift}
  6156 | D:9      | Identified the +6 broad axe of Vengeance {venom, Str+3}
                  | (Trog gifted it to you on level 9 of the Dungeon)
  6250 | D:9      | You fall into a shaft and drop 3 floors!
  6275 | D:12     | Found a staircase to the Orcish Mines.
  6439 | D:12     | Noticed a manticore
  6446 | D:12     | Noticed a seven-headed hydra
  6448 | D:12     | Killed a manticore
  6448 | D:12     | Reached XP level 11. HP: 61/73 MP: 8/11
  6451 | D:12     | Killed a six-headed hydra
  6617 | D:12     | Noticed a cyclops
  6618 | D:12     | Noticed a deep elf knight
  6621 | D:12     | Noticed a cyclops
  6622 | D:12     | Noticed a cyclops
  6627 | D:12     | Killed a cyclops
  6628 | D:12     | Killed a cyclops
  6630 | D:12     | Noticed a fire crab
  6630 | D:12     | a polar bear changed into a fire crab
  6633 | D:12     | Killed a deep elf knight
  6633 | D:12     | Reached skill level 11 in Fighting
  6635 | D:12     | Killed a fire crab
  6645 | D:12     | Killed a cyclops
  6755 | D:12     | Noticed a two-headed ogre
  6771 | D:12     | Killed a two-headed ogre
  6778 | D:12     | Reached skill level 10 in Axes
  6834 | D:12     | You fall into a shaft and drop 2 floors!
  6834 | D:14     | Noticed a two-headed ogre
  6841 | D:14     | Killed a two-headed ogre
  6864 | D:13     | Noticed a two-headed ogre
  6869 | D:13     | Killed a two-headed ogre
  6869 | D:13     | Reached skill level 12 in Fighting
  6869 | D:13     | Reached XP level 12. HP: 42/81 MP: 7/12
  7029 | D:12     | Noticed a seven-headed hydra
  7030 | D:12     | Noticed a centaur warrior
  7034 | D:12     | Killed a nine-headed hydra
  7036 | D:12     | Killed a centaur warrior
  7114 | D:12     | Found the ring of the Mage {Wiz MR++ Int+3}
  7147 | D:12     | Got a warped broad axe
  7148 | D:12     | Identified the +2 broad axe of Bust {freeze, Int+5} (You
                  | found it on level 12 of the Dungeon)
  7158 | D:12     | Noticed a two-headed ogre
  7163 | D:12     | Killed a two-headed ogre
  7328 | D:12     | Found a runed translucent door.
  7339 | D:12     | Found a runed translucent door.
  7350 | D:12     | Found a runed translucent door.
  7361 | D:12     | Found a runed translucent door.
  8047 | D:11     | Noticed a two-headed ogre
  8055 | D:11     | Killed a two-headed ogre
  8055 | D:11     | Reached skill level 13 in Fighting
  8055 | D:11     | Reached skill level 10 in Armour
  8184 | D:11     | Found a portal to a secret trove of treasure.
  9002 | D:9      | Noticed a two-headed ogre
  9011 | D:9      | Killed a two-headed ogre
  9109 | Lair:1   | Entered Level 1 of the Lair of Beasts
  9181 | Lair:1   | Reached XP level 13. HP: 88/88 MP: 13/13
  9870 | Lair:2   | Found a staircase to the Swamp.
 10349 | Lair:2   | Reached skill level 14 in Fighting
 10582 | Swamp:1  | Entered Level 1 of the Swamp
 10727 | Lair:3   | Found a hole to the Spider Nest.
 11144 | Lair:3   | Noticed Fannar
 11166 | Lair:3   | Killed Fannar
 11762 | Lair:4   | Noticed Kirke
 11780 | Lair:4   | Slain by a harpy

Levels and vault maps discovered:
D:1:      dpeg_arrival_pits, layout_rooms, corexii_hall_statues_s, minivault_14
D:2:      layout_basic, chequers_ecumenical_altar_simple,
          roderic_serpentine_path, minmay_lizard_pond
D:3:      layout_rooms
D:4:      layout_cave_pools, first_ration, serial_shops, shop
D:5:      layout_basic, supply_closet_lemuel, hangedman_decor_peaks_small,
          serial_park_tiny_1
D:6:      layout_loops_cross, nicolae_overflow_crystal_walls, basic_altar
D:7:      layout_loops_ring, grunt_temple_overflow_magic_moments,
          gammafunk_temple_overflow_elements, temple_fountains, grunt_ogre_cave,
          uniq_harold
D:9:      layout_basic, minmay_lair_entry_grove, uniq_pikel, uniq_prince_ribbit1
D:10:     layout_grid_maze, gammafunk_ghost_necromancy, fountainhead
D:11:     layout_basic, enter_trove_0
D:12:     minmay_the_grid_plus_closed [minmay_the_grid_rooms,
          minmay_the_grid_tiny_cups, minmay_the_grid_garden,
          minmay_the_grid_doors, minmay_the_grid_prize_four_corners_diamond_a],
          layout_loops_ring, hiddenorc2_lemuel, kennysheep_path_1,
          minmay_statue_crystal_thing
D:13:     layout_basic, erik_vaults_1, hangedman_abyss_or_decor_slice
D:14:     layout_basic, nemelex_diamond_rough_becter
Lair:1:   layout_chaotic_city, hibernation_bobbens
Lair:2:   layout_hall_layers, minmay_swamp_entry_eels, lemuel_fruit_tree
Lair:3:   layout_hall_layers, spider_nest_entry_a, uniq_fannar
Lair:4:   nzn_motion_control, layout_layer_cave, serial_rivers,
          chequers_serial_rivers_micro_e, chequers_serial_rivers_large_b,
          chequers_serial_rivers_small_a, chequers_serial_rivers_room_a,
          uniq_kirke
Swamp:1:  layout_basic_swamp, nicolae_swamp_round_clearing,
          infiniplex_staircase_pool

Skill      XL: |  1  2  3  4  5  6  7  8  9 10 11 12 13 |
---------------+----------------------------------------+-----
Axes           | 3 4 6 7 8 10 11 12 | 12.4
Dodging        | 2 3 4 5 6 7 8 |  8.6
Armour         | 3 4 5 6 7 8 9 10 11 | 11.0
Fighting       | 4 5 7 8 10 12 13 14 | 14.4

Action                   |  1- 3 |  4- 6 |  7- 9 | 10-12 | 13-15 || total
-------------------------+-------+-------+-------+-------+-------++-------
Melee: Hand axe          |   123 |   250 |   132 |       |       ||   505
       War axe           |       |       |   232 |   145 |       ||   377
       Broad axe         |       |       |       |   328 |   219 ||   547
       Unarmed           |       |       |       |       |     1 ||     1
Invok: Berserk           |     1 |     3 |     6 |     5 |     3 ||    18
       Trog's Hand       |       |       |     1 |     1 |       ||     2
       Brothers in Arms  |       |       |       |     2 |       ||     2
  Use: Scroll            |       |       |       |    21 |     1 ||    22
 Stab: Sleeping          |       |     1 |       |       |       ||     1
  Eat: Chunk             |     1 |     9 |    15 |    18 |    57 ||   100
Armor: Animal skin       |    53 |    88 |    75 |       |       ||   216
       Plate armour      |       |       |   182 |   108 |       ||   290
       Crystal plate arm |       |       |       |   367 |   351 ||   718
Dodge: Dodged            |   129 |   176 |   259 |   261 |   171 ||   996
